Map: Cactus Valley LE (Void)

Players

INnoVation

  • Race: Terran Terran
  • Spawn Location: 1:00

GuMiho - Winner!

  • Race: Terran Terran
  • Spawn Location: 11:00

Event: IEM XI Katowice - World Championship 2017

VOD

Have the link to the VOD?

Description

Time

  • Played on: March 3, 2017, 3:21 p.m.
  • Length: 6:04

All games in this series

Show
View Real Time Build Order
Export as new Build Order

INnoVation Terran 

Build Orders: 1/1/1, Cyclone Opening 

Get SALT Encoding   

  12  0:00  SCV  
  13  0:12  SCV  
  14  0:17  Supply Depot  
  14  0:24  SCV  
  14  0:27  Refinery  
  15  0:38  SCV  
  16  0:44  Barracks  
  16  0:50  SCV  
  16  0:54  Refinery  
  17  1:02  SCV  
  18  1:14  SCV  
  19  1:30  Orbital Command  
  19  1:31  Reaper  
  20  1:34  Factory  
  20  1:46  Supply Depot  
  20  1:56  SCV  
  21  2:03  Reaper  
  21  2:08  SCV  
  23  2:17  Hellion  
  23  2:19  Starport  
  23  2:20  SCV  
  26  2:25  Supply Depot  
  26  2:32  SCV  
  26  2:35  Barracks Tech Lab  
  27  2:39  Cyclone  
  30  2:44  SCV  
  32  2:58  SCV  
  32  3:03  Cloaking Field, Banshee  
  35  3:06  Supply Depot  
  35  3:10  SCV  
  36  3:19  Cyclone  
  39  3:30  Barracks Reactor  
  39  3:39  Command Center  
  39  3:43  SCV  
  39  3:49  Banshee  
  39  3:54  Supply Depot  
  42  3:57  SCV  
  42  3:58  Factory Tech Lab  
  43  4:06  Marine x2  
  43  4:09  SCV  
  46  4:21  Siege Tank, SCV  
  45  4:25  Marine x2  
  46  4:33  SCV  
  47  4:43  Marine x2  
  47  4:45  SCV  
  50  4:51  Orbital Command  
  50  4:55  Raven  
  50  4:57  SCV  
  48  5:00  Marine  
  48  5:01  Marine  
  45  5:09  SCV  
  42  5:14  Siege Tank  
  42  5:18  Marine x2  
  44  5:21  SCV  
  44  5:22  SCV  
  39  5:33  SCV  
  39  5:34  SCV  
  38  5:38  Marine x2  
  37  5:45  SCV  
Show
View Real Time Build Order
Export as new Build Order

GuMiho Terran - Winner!

Build Orders: Cyclone Opening, Reaper Expand 

Get SALT Encoding   

  12  0:00  SCV  
  13  0:12  SCV  
  14  0:17  Supply Depot  
  14  0:24  SCV  
  15  0:30  Refinery  
  15  0:39  SCV  
  16  0:45  Barracks  
  16  0:51  SCV  
  17  1:03  SCV  
  18  1:15  SCV  
  19  1:31  Orbital Command  
  19  1:32  Reaper  
  20  1:43  Command Center  
  20  1:53  Factory  
  20  1:57  SCV  
  21  2:02  Refinery  
  21  2:06  Barracks Reactor  
  21  2:09  SCV  
  21  2:15  Supply Depot  
  22  2:21  SCV  
  23  2:36  SCV  
  27  2:37  Cyclone  
  27  2:42  Marine  
  27  2:43  Marine  
  29  2:48  SCV  
  30  2:56  Orbital Command  
  30  3:00  Marine, SCV  
  30  3:01  Marine  
  33  3:06  Starport  
  33  3:15  Cyclone  
  36  3:23  SCV x2  
  36  3:24  Marine x2  
  40  3:29  Supply Depot  
  40  3:35  Engineering Bay  
  40  3:38  SCV  
  41  3:42  Marine  
  41  3:43  Marine  
  41  3:46  Medivac  
  45  3:50  SCV  
  45  3:52  Supply Depot  
  46  3:58  Cyclone  
  46  4:02  Marine x2  
  49  4:04  SCV  
  49  4:06  SCV  
  53  4:12  Missile Turret  
  53  4:20  Marine x2  
  54  4:29  Viking  
  54  4:30  SCV x2  
  58  4:38  Marine x2  
  58  4:41  Missile Turret  
  58  4:44  SCV x2  
  60  5:00  Cyclone  
  60  5:01  Marine  
  60  5:02  Marine  
  58  5:09  SCV x2  
  58  5:11  Viking  
  62  5:19  Marine x2  
  57  5:21  SCV  
  57  5:26  SCV  
  53  5:33  SCV  
  53  5:34  Factory Tech Lab  
  51  5:37  Marine x2  
  51  5:38  SCV  
  53  5:46  SCV  
  54  5:50  SCV  
  54  5:53  Supply Depot  
  54  5:54  Supply Depot  

Tags
 
Add a new tag
Caveats
  • Supply blocks, unpowered buildings, or Contaminate may cause inaccurate times.
  • Supply counts are checked every 10 seconds.